 Dungeon Crawl Stone Soup version 0.28.0-1-gb440e238dd (webtiles) character file.

Game seed: 13369015711661926479

543220 Armakuni the Archmage (level 24, -3/130 HPs)
             Began as a Deep Elf Artificer on Feb 20, 2022.
             Was the Champion of Vehumet.
             Slain by an Orb Guardian (47 damage)
             ... on level 5 of the Realm of Zot on Feb 23, 2022.
             The game lasted 04:28:17 (75079 turns).

Armakuni the Archmage (Deep Elf Artificer)         Turns: 75079, Time: 04:28:17

Health: -3/130     AC: 32    Str: 18    XL:     24   Next: 81%
Magic:  9/56       EV: 13    Int: 29    God:    Vehumet [******]
Gold:   4753       SH:  8    Dex: 15    Spells: 28/77 levels left

rFire   + + +      SeeInvis +   a - staff of fire
rCold   . . .      Faith    .   s - +3 buckler {reflect}
rNeg    + . .      Spirit   .   y - +10 fire dragon scales of Fun {rPois rF++ rC- Regen+ Str+3 Dex-2}
rPois   +          Reflect  +   o - +2 hat of Lopten {Will++}
rElec   +          Harm     .   J - +2 cloak
rCorr   .          Rampage  .   p - +5 pair of gloves of Slimy Surprise {rN+ SInv}
Will    +++++                   n - +0 pair of boots
Stlth   ..........              M - amulet "Mumaath" {RegenMP Regen+ Str-4 Dex+2}
HPRegen 1.91/turn               E - ring of Wanurut {rElec Str+4 Int+6 Slay+3}
MPRegen 0.75/turn               L - ring of Ganoemue {Fly rC+ Will+}

@: flying
A: no striking features
}: 3/15 runes: decaying, serpentine, silver
a: Renounce Religion


You were on level 5 of the Realm of Zot.
You worshipped Vehumet.
Vehumet was exalted by your worship.
You visited 10 branches of the dungeon, and saw 49 of its levels.
You visited 1 bazaar.
You also visited: Ossuary, Gauntlet and Ice Cave.

You collected 7312 gold pieces.
You spent 2559 gold pieces at shops.

Inventory:

Hand Weapons
 m - the +7 lajatang of Order {silver, rMut}
   (You found it on level 3 of the Elven Halls)

   It inflicts extra damage upon those it strikes, and deals substantially
   increased damage to chaotic, mutated and magically transformed beings.
   rMut:      It protects you from mutation.
Missiles
 d - 4 throwing nets
 X - 10 curare-tipped darts (quivered)
Armour
 n - a +0 pair of boots (worn)
 o - the +2 hat of Lopten (worn) {Will++}
   (You found it in a Gauntlet)

   Will:      It greatly increases your willpower.
 p - the +5 pair of gloves of Slimy Surprise (worn) {rN+ SInv}
   (You acquired it in a bazaar)

   rN:        It protects you from negative energy.
   SInv:      It lets you see invisible.
 s - a +3 buckler of reflection (worn)
 y - the +10 fire dragon scales of Fun (worn) {rPois rF++ rC- Regen+ Str+3 Dex-2}
   (You found it on level 3 of the Elven Halls)

   Str:       It affects your strength (+3).
   Dex:       It affects your dexterity (-2).
   rF:        It greatly protects you from fire.
   rC:        It makes you vulnerable to cold.
   rPois:     It protects you from poison.
   Regen:     It increases your rate of health regeneration.
 J - a +2 cloak (worn)
Magical Staves
 a - a staff of fire (weapon)
 b - a staff of cold
Jewellery
 E - the ring of Wanurut (left hand) {rElec Str+4 Int+6 Slay+3}
   (You found it on level 9 of the Dungeon)

   [ring of intelligence]

   Str:       It affects your strength (+4).
   Int:       It affects your intelligence (+6).
   Slay:      It affects your accuracy & damage with ranged weapons and melee
   (+3).
   rElec:     It insulates you from electricity.
 L - the ring of Ganoemue (right hand) {Fly rC+ Will+}
   (You found it in a Gauntlet)

   [ring of protection from cold]

   rC:        It protects you from cold.
   Fly:       It grants you flight.
   Will:      It increases your willpower.
 M - the amulet "Mumaath" (around neck) {RegenMP Regen+ Str-4 Dex+2}
   (You found it on level 2 of the Depths)

   [amulet of magic regeneration]

   It increases your rate of magic regeneration.
   Str:       It affects your strength (-4).
   Dex:       It affects your dexterity (+2).
   Regen:     It increases your rate of health regeneration.
Wands
 k - a wand of digging (16)
 v - a wand of flame (30)
 z - a wand of paralysis (22)
 F - a wand of mindburst (10)
 H - a wand of charming (6)
 I - a wand of acid (19)
 U - a wand of iceblast (8)
Scrolls
 e - 4 scrolls of summoning
 q - 7 scrolls of fog
 r - 3 scrolls of silence
 C - 8 scrolls of amnesia
 D - 8 scrolls of fear
 G - 11 scrolls of noise
 K - 3 scrolls of blinking
 O - 3 scrolls of enchant armour
 P - 5 scrolls of vulnerability
 T - 2 scrolls of magic mapping
 V - 12 scrolls of teleportation
 Y - 3 scrolls of holy word
 Z - a scroll of immolation
Potions
 c - 3 potions of magic
 f - 2 potions of ambrosia
 h - 4 potions of mutation
 i - 5 potions of might
 j - 6 potions of heal wounds
 u - 8 potions of haste
 A - 29 potions of curing
 B - 6 potions of lignification
 N - 5 potions of resistance
 Q - a potion of invisibility
 R - 6 potions of berserk rage
 S - 4 potions of cancellation
 W - 7 potions of brilliance
Miscellaneous
 g - a phantom mirror
 t - a tin of tremorstones (2/2)
 w - a condenser vane
 x - a box of beasts


   Skills:
 + Level 7.5 Fighting
 - Level 4.7 Long Blades
 - Level 6.9 Staves
 + Level 5.8 Armour
 - Level 9.0 Dodging
 - Level 1.2 Stealth
 + Level 4.1 Shields
 O Level 27 Spellcasting
 O Level 27 Conjurations
 O Level 27 Fire Magic
 - Level 10.0 Earth Magic
 - Level 10.0 Evocations


You had 28 spell levels left.
You knew the following spells:

 Your Spells              Type           Power      Damage    Failure   Level
f - Fireball              Conj/Fire      69%        3d26      0%          5
i - Ignition              Fire           69%        3d18      1%          8
m - Iskenderun's Mystic   Conj/Tloc      87%        2d17      1%          4
o - Orb of Destruction    Conj           57%        9d14      1%          7
s - Fire Storm            Conj/Fire      69%        8d18      1%          9
z - Lehudib's Crystal Sp  Conj/Erth      49%        10d12     2%          8
B - Blink                 Tloc           78%        N/A       4%          2
I - Iron Shot             Conj/Erth      49%        9d9       1%          6

Your spell library contained the following spells:

 Spells                   Type           Power      Damage    Failure   Level
 Polar Vortex             Ice            19%        N/A       100%        9
 Shatter                  Erth           38%        3d30*     100%        9
 Foxfire                  Conj/Fire      100%       2x1d9     0%          1
 Magic Dart               Conj           100%       1d8       0%          1
 Shock                    Conj/Air       100%       1d9       0%          1
 Stone Arrow              Conj/Erth      100%       3d13      0%          3
 Flame Wave               Conj/Fire      100%       2d17      0%          4
 Iskenderun's Battlesphe  Conj           100%       2d15      0%          5
 Starburst                Conj/Fire      69%        6d18      0%          6
 Passwall                 Tmut/Erth      51%        N/A       1%          2
 Poisonous Vapours        Pois/Air       78%        N/A       1%          2
 Dazzling Flash           Conj/Hex       100%       N/A       1%          3
 Mephitic Cloud           Conj/Pois/Air  74%        N/A       1%          3
 Fulminant Prism          Conj/Hex       43%        3d20      1%          4
 Irradiate                Conj/Tmut      43%        3d27      1%          5
 Lee's Rapid Deconstruct  Erth           38%        3d20*     1%          5
 Conjure Ball Lightning   Conj/Air       43%        3x3d15    1%          6
 Frozen Ramparts          Ice            78%        1d9       2%          3
 Spellforged Servitor     Conj/Summ      43%        N/A       2%          7
 Animate Skeleton         Necr           78%        N/A       3%          1
 Beastly Appendage        Tmut           78%        N/A       3%          1
 Pain                     Necr           100%       1d9       3%          1
 Animate Armour           Summ/Erth      100%       N/A       3%          4
 Leda's Liquefaction      Hex/Erth       31%        N/A       3%          4
 Petrify                  Tmut/Erth      62%        N/A       3%          4
 Call Imp                 Summ           39%        N/A       4%          2
 Corpse Rot               Necr/Air       78%        N/A       4%          2
 Ensorcelled Hibernation  Hex/Ice        78%        N/A       4%          2
 Call Canine Familiar     Summ           39%        N/A       9%          3
 Lesser Beckoning         Tloc           39%        N/A       9%          3
 Ozocubu's Armour         Ice            39%        N/A       9%          3
 Portal Projectile        Hex/Tloc       78%        N/A       9%          3
 Spider Form              Tmut/Pois      39%        N/A       9%          3
 Summon Guardian Golem    Hex/Summ       39%        N/A       9%          3
 Swiftness                Air            39%        N/A       9%          3
 Tukima's Dance           Hex            39%        N/A       9%          3
 Vampiric Draining        Necr           39%        2d8       9%          3
 Airstrike                Air            19%        N/A       9%          4
 Anguish                  Hex/Necr       19%        N/A       30%         4
 Animate Dead             Necr           19%        N/A       30%         4
 Dispel Undead            Necr           39%        3d16      30%         4
 Ice Form                 Ice/Tmut       39%        N/A       30%         4
 Summon Ice Beast         Ice/Summ       39%        N/A       30%         4
 Statue Form              Tmut/Erth      41%        N/A       52%         6
 Blade Hands              Tmut           19%        N/A       63%         5
 Manifold Assault         Tloc           39%        N/A       63%         5
 Metabolic Englaciation   Hex/Ice        19%        N/A       63%         5
 Summon Forest            Summ/Tloc      19%        N/A       63%         5
 Summon Mana Viper        Hex/Summ       39%        N/A       63%         5
 Chain Lightning          Conj/Air       43%        3d58      94%         9
 Death Channel            Necr           19%        N/A       99%         6
 Dispersal                Tloc           19%        N/A       99%         6
 Simulacrum               Ice/Necr       19%        N/A       99%         6
 Summon Cactus Giant      Summ           19%        N/A       99%         6
 Dragon Form              Tmut           19%        N/A       100%        7
 Enfeeble                 Hex            19%        N/A       100%        7
 Haunt                    Necr/Summ      19%        N/A       100%        7
 Malign Gateway           Summ/Tloc      19%        N/A       100%        7
 Monstrous Menagerie      Summ           19%        N/A       100%        7
 Discord                  Hex            19%        N/A       100%        8
 Disjunction              Tloc           19%        N/A       100%        8
 Infestation              Necr           19%        N/A       100%        8
 Necromutation            Tmut/Necr      19%        N/A       100%        8
 Summon Horrible Things   Summ           19%        N/A       100%        8


Dungeon Overview and Level Annotations

Branches:
Dungeon (15/15)            Temple (1/1) D:5            Lair (6/6) D:11
  Swamp (4/4) Lair:2        Snake (4/4) Lair:4        Slime (0/5) Lair:6
    Orc (2/2) D:9             Elf (3/3) Orc:2        Vaults (5/5) D:13
  Crypt (0/3) Vaults:2     Depths (4/4) D:15            Zot (5/5) Depths:4
Ossuary (visited)           IceCv (visited)         Gauntlet (visited)

Altars:
Ashenzari
Cheibriados
Dithmenos
Elyvilon
Fedhas
Gozag
Hepliaklqana
Kikubaaqudgha
Makhleb
Nemelex Xobeh
Okawaru
Qazlal
Ru
Sif Muna
Trog
Uskayaw
Vehumet
Wu Jian
Xom
Yredelemnul
Zin
The Shining One
Beogh
Jiyva

Shops:
D:3 :   D:8 *   D:9 =   Orc:2 [![(   Elf:1 [   Snake:2 [   Vaults:3 [?
Vaults:4 (

Portals:
Hell: Depths:1 Depths:3 Depths:4
Abyss: Depths:1 Depths:3
Pandemonium: Depths:2
Ziggurat: Depths:4

Annotations:
Lair:6 1 runed translucent door
Elf:2 2 transporters, SushiGirl's ghost, journeyman DECj


Message History

A tentacled monstrosity comes into view.
Casting: Fire Storm (dangerous; 1% risk of failure)
Confirm with . or Enter, or press ? or * to list all spells.
Aiming: Lehudib's Crystal Spear (dangerous; 2% risk of failure)
Press: ? - help, Shift-Dir - straight line, f - tentacled monstrosity
Aim: a tentacled monstrosity (heavily wounded, berserk, 94% to hit)
The crystal spear hits the tentacled monstrosity!!!
The tentacled monstrosity is almost dead.
Casting: Lehudib's Crystal Spear (dangerous; 2% risk of failure)
Confirm with . or Enter, or press ? or * to list all spells.
Aiming: Lehudib's Crystal Spear (dangerous; 2% risk of failure)
Press: ? - help, Shift-Dir - straight line, f/p - tentacled monstrosity
Aim: a tentacled monstrosity (almost dead, berserk, 94% to hit)
The crystal spear hits the tentacled monstrosity!!!!
You kill the tentacled monstrosity!
Vehumet accepts your kill.
You feel your power returning. Something bites your fire vortex!
An Orb Guardian and a moth of wrath come into view.
An Orb Guardian comes into view.
The moth of wrath goads the Orb Guardian on!
The Orb Guardian goes berserk!
The Orb Guardian hits you!!
Casting: Lehudib's Crystal Spear (dangerous; 2% risk of failure)
Confirm with . or Enter, or press ? or * to list all spells.
Aiming: Lehudib's Crystal Spear (dangerous; 2% risk of failure)
Press: ? - help, Shift-Dir - straight line, f - Orb Guardian
Aim: an Orb Guardian (berserk, 75% to hit)
The crystal spear hits the Orb Guardian!!!
The Orb Guardian is heavily wounded.
The Orb Guardian hits you!!! The Orb Guardian hits you!
Casting: Lehudib's Crystal Spear (dangerous; 2% risk of failure)
Confirm with . or Enter, or press ? or * to list all spells.
Aiming: Lehudib's Crystal Spear (dangerous; 2% risk of failure)
Press: ? - help, Shift-Dir - straight line, f/p - Orb Guardian
Aim: an Orb Guardian (heavily wounded, berserk, 75% to hit)
The crystal spear hits the Orb Guardian!!!
The Orb Guardian is almost dead.
The Orb Guardian hits you but does no damage.
The Orb Guardian hits you!!!
You die...

* ****,*#......#*,******+
*,,,,*#......#*,** *,,
*,**,*#......+,,,* *,,
*,**,,+....<.#*,,****,,
***********,****#......#*,,,,,+,,
,,,,,,,⌠,**,* ###'####**,****,,
,,,,,,,,,*#,* ##.######,******
,,,,,,,,,##.######.........,,,,,,
,,,,,,,,,+.....X@..#######.*,****
,,,,,,,,,#####.###)##### *,,,* *
*****#+#######.##..)...#**,*,* *
*,,,,...........#.)≈≈≈.+,,,,,*
******######.########▓▓▓*********
* *...............* **,,,,,,, **
*#....X...v^...#* **,,,,,,,, ,**
#.....^.v.....# **,,,,,,,,, ,,*
##......v.v..## *,,,,,,,,,,


You could see an Orb Guardian (berserk).

Vanquished Creatures
  A dread lich (Depths:4)
  An ancient lich (Depths:3)
  2 juggernauts
  Saint Roka (Vaults:5)
  7 golden dragons
  A caustic shrike (Depths:2)
  Jory (Vaults:3)
  Nikola (Swamp:2)
  the Enchantress (Depths:1)
  3 hellephants (Depths:4)
  2 walking crystal tomes (Depths:3)
  12 tentacled monstrosities
  2 liches
  3 Orb Guardians (Zot:5)
  A walking divine tome (Depths:3)
  7 acid blobs (Zot:4)
  A quicksilver dragon (Zot:1)
  3 titans
  5 death cobs
  4 deep elf master archers (Elf:3)
  Asterion (Snake:1)
  2 ancient champions (Vaults:2)
  3 deep elf blademasters (Elf:3)
  7 sphinxes
  8 tengu reavers
  7 shadow dragons
  Donald (Vaults:3)
  9 storm dragons
  A thorn hunter (Swamp:4)
  3 draconian knights
  A fenstrider witch (Swamp:3)
  8 nagarajas
  13 frost giants
  Louise (Swamp:1)
  6 fire giants
  9 deep elf sorcerers
  3 draconian scorchers
  21 vault wardens
  2 ghost moths
  2 ghouls (Swamp:4)
  A deep elf elementalist (Elf:3)
  2 draconian stormcallers (Zot:4)
  3 war gargoyles
  19 ironbound preservers
  15 stone giants
  3 spriggan defenders (Depths:1)
  4 eleionomae
  The ghost of jt the Thaumaturge, a journeyman DDAE of Elyvilon (D:12)
  A broodmother (shapeshifter) (D:15)
  3 draconian annihilators (Zot:4)
  7 ironbound thunderhulks
  21 very ugly things
  A minotaur (Gauntlet)
  2 entropy weavers
  2 vampire knights
  6 deep elf demonologists
  A green draconian (Zot:5)
  14 yellow draconians
  2 deep elf annihilators
  17 dire elephants
  3 red draconians
  3 purple draconians
  4 black draconians
  A spark wasp (Depths:2)
  6 bunyips
  2 white draconians (Depths:4)
  10 ettins
  9 crystal guardians
  14 yaktaur captains
  5 jiangshi (Depths:4)
  10 deep elf death magi
  Josephine (D:11)
  4 ice dragons
  5 fire dragons
  6 great orbs of eyes
  3 deep elf high priests
  37 vault guards
  26 hydras
  Harold (D:7)
  15 naga warriors
  8 spriggan air magi
  Fannar (D:11)
  6 ogre magi
  A rakshasa (Depths:2)
  2 boulder beetles
  2 peacekeepers
  25 centaur warriors
  8 alligators
  8 ironbound frosthearts
  A catoblepas (D:13)
  The ghost of Lizzurd the Sneak, a novice NaDe of Cheibriados (D:9)
  22 dancing weapons
  17 anacondas
  6 tengu warriors
  4 two-headed ogres
  3 deep troll shamans
  5 deep troll earth magi
  9 hell hogs
  An orc high priest (Orc:2)
  7 death yaks
  2 spriggan berserkers
  10 shock serpents
  4 vampire magi
  19 naga sharpshooters
  18 hell knights
  9 spriggans
  Sonja (D:12)
  A fire crab (Lair:5)
  4 salamander mystics
  16 deep elf knights
  5 iron trolls
  7 sea snakes
  7 goliath frogs
  2 glowing orange brains (shapeshifter) (Vaults:5)
  2 spriggan druids
  8 swamp dragons
  7 deep elf archers
  67 deep trolls
  4 glowing orange brains
  6 bog bodies
  A shadow dragon zombie (Depths:1)
  5 naga ritualists
  12 lindwurms
  11 mana vipers
  2 orange crystal statues
  10 necromancers
  4 harpies (Vaults:5)
  29 deep elf zephyrmancers
  2 orc knights
  18 ironbound convokers
  6 phantasmal warriors
  26 deep elf pyromancers
  2 manticores
  9 wizards
  8 cyclopes
  3 oklob plants (Zot:4)
  3 will-o-the-wisps
  31 ugly things
  18 salamanders
  3 wolf spiders
  An orc sorcerer (Orc:2)
  4 moths of wrath
  17 guardian serpents
  33 black mambas
  Joseph (D:8)
  15 vault sentinels
  A frost giant skeleton (Depths:1)
  15 elephants
  An elephant (shapeshifter) (Vaults:3)
  25 naga magi
  2 ice statues (IceCv)
  An eye of devastation (shapeshifter) (Vaults:5)
  Maggie (D:6)
  16 cane toads
  An unseen horror (D:11)
  4 rime drakes
  4 kobold demonologists (D:12)
  7 komodo dragons
  6 freezing wraiths
  8 tengu conjurers
  3 entropy weaver simulacra (IceCv)
  51 yaktaurs
  An anaconda simulacrum (IceCv)
  9 ice devils
  A bloated husk (Swamp:4)
  4 trolls
  6 tyrant leeches
  7 hornets
  A polar bear (shapeshifter) (D:12)
  34 slime creatures
  A hornet (shapeshifter) (D:14)
  4 polar bears
  A raiju (Gauntlet)
  Prince Ribbit (D:7)
  16 blink frogs
  A wolf spider simulacrum (D:15)
  A tyrant leech (shapeshifter) (Depths:3)
  Grinder (D:6)
  An iron dragon simulacrum (Depths:1)
  A tarantella (Vaults:1)
  6 dream sheep (Lair:6)
  2 dream sheep (shapeshifter)
  A spriggan zombie (Depths:1)
  5 centaur simulacra
  An ettin skeleton (Depths:1)
  A spriggan (shapeshifter) (D:13)
  9 wyverns
  A water elemental (Elf:3)
  A dire elephant simulacrum (IceCv)
  7 wraiths
  2 vampires
  An air elemental (Elf:3)
  3 hogs
  48 yaks
  A fire elemental (Elf:2)
  7 basilisks
  A redback (shapeshifter) (Vaults:5)
  2 neqoxecs (D:9)
  A golden eye (shapeshifter) (D:13)
  6 redbacks
  4 steam dragons
  14 vampire mosquitoes
  2 swamp worms (shapeshifter) (Vaults:5)
  5 harpy simulacra (IceCv)
  3 wargs (Orc:2)
  46 nagas
  2 acid dragons
  18 swamp worms
  28 water moccasins
  Duvessa (D:7)
  A hydra simulacrum (Gauntlet)
  3 floating eyes
  35 orc warriors
  10 swamp drakes
  A black bear (Lair:1)
  2 necrophages
  A hornet zombie (D:8)
  4 ogres
  3 boggarts (Vaults:3)
  7 centaurs
  4 wolves (Lair:6)
  10 kobold brigands
  A phantom (D:6)
  An elf zombie (Ossuary)
  9 bullfrogs
  A wyvern zombie (D:6)
  2 earth elementals (Elf:3)
  A gnoll sergeant (D:7)
  A scorpion (D:6)
  Dowan (D:7)
  A water moccasin skeleton (D:4)
  19 killer bees
  4 wights (D:6)
  3 electric eels
  A crimson imp (D:4)
  6 centaur zombies
  A bullfrog zombie (D:5)
  2 quasits (D:9)
  11 orc priests
  A gnoll shaman (Orc:2)
  25 jellies
  3 hounds
  A human zombie (Ossuary)
  A centaur skeleton (D:6)
  Ijyb (D:5)
  Natasha (thrice) (D:3)
  4 iguanas
  18 orc wizards
  A polar bear simulacrum (IceCv)
  2 hell rats (Lair:4)
  A spriggan simulacrum (IceCv)
  2 killer bee zombies
  A wolf simulacrum (IceCv)
  2 mummies (Ossuary)
  A howler monkey zombie (D:9)
  12 adders
  13 gnolls
  10 river rats (Lair:4)
  A shadow imp (D:5)
  3 white imps
  An ufetubus (Gauntlet)
  4 adder zombies (Ossuary)
  2 adder skeletons (D:4)
  A worm (D:4)
  A dart slug (D:1)
  77 orcs
  4 endoplasms
  3 giant cockroaches
  7 hobgoblins
  2 jackals (D:5)
  7 kobolds
  2 quokkas
  6 ball pythons
  6 bats
  3 frilled lizards
  9 goblins
  A goblin zombie (Ossuary)
  9 hobgoblin zombies (Ossuary)
  A jackal zombie (Ossuary)
  6 kobold zombies (Ossuary)
  11 orc zombies (Ossuary)
  8 rats
  A rat zombie (Ossuary)
  2 bushes
1959 creatures vanquished.

Vanquished Creatures (collateral kills)
  Mennas (Vaults:3)
  the Lernaean hydra (Swamp:4)
  Kirke (Lair:4)
  A frost giant (Depths:3)
  A ghoul (Swamp:4)
  A stone giant (Depths:3)
  A great orb of eyes (shapeshifter) (Vaults:3)
  3 dancing weapons (Elf:2)
  A swamp dragon (Swamp:4)
  An orc knight (Orc:2)
  A deep elf pyromancer (Elf:2)
  A salamander (Snake:2)
  A troll (Orc:2)
  A naga (Lair:4)
  3 orc warriors (Orc:2)
  A swamp drake (Swamp:4)
  An ogre (D:4)
  A scorpion (D:5)
  2 orc priests (D:5)
  A worm (D:2)
  3 orcs
  A hobgoblin (D:1)
  A ball python (D:1)
  A rat (D:1)
31 creatures vanquished.

Vanquished Creatures (others)
  An orc warlord (Orc:2)
  A bloated husk (Swamp:4)
  A hornet (D:8)
  A wyvern (D:8)
  An orc warrior (Orc:2)
  A killer bee (D:9)
  A wight (D:8)
  2 goblins (D:1)
  A hobgoblin (D:1)
  A quokka (D:1)
  2 bushes (Elf:3)
  26 fire vortices
  555 foxfires
  62 fungi
  111 plants
767 creatures vanquished.

Grand Total: 2757 creatures vanquished

Notes
Turn   | Place    | Note
-------+----------+-------------------------------------------
     0 | D:1      | Armakuni the Deep Elf Artificer began the quest for the
                  | Orb.
     0 | D:1      | Reached XP level 1. HP: 11/11 MP: 3/3
    54 | D:1      | Reached skill level 1 in Fighting
   668 | D:1      | Reached XP level 2. HP: 16/17 MP: 4/4
  1738 | D:2      | Identified the +3 hand axe of the Sugar Beet {freeze, rF+
                  | Dex+4}
  1763 | D:2      | Reached XP level 3. HP: 11/22 MP: 5/5
  2187 | D:2      | Found a faded altar of an unknown god.
  2707 | D:1      | Reached XP level 4. HP: 19/28 MP: 6/6
  3182 | D:3      | Found a glowing golden altar of the Shining One.
  3410 | D:3      | Noticed Natasha
  3413 | D:3      | Killed Natasha
  3414 | D:3      | Reached XP level 5. HP: 33/33 MP: 7/7
  3416 | D:3      | Found Kiyc's Book Emporium.
  3505 | D:3      | Noticed Natasha
  3508 | D:3      | Killed Natasha
  4252 | D:4      | Identified the +0 spear "Nifraumu" {vorpal, rF+ Str+3}
  4362 | D:4      | Noticed a necrophage
  4364 | D:4      | Noticed an ogre
  4388 | D:4      | Killed a necrophage
  4389 | D:4      | Reached XP level 6. HP: 13/39 MP: 8/8
  4609 | D:4      | Reached skill level 5 in Fighting
  4609 | D:4      | Reached skill level 5 in Dodging
  4918 | D:4      | Found a burning altar of Makhleb.
  4919 | D:4      | Found a shimmering altar of Xom.
  5001 | D:5      | Entered Level 5 of the Dungeon
  5013 | D:5      | Noticed Grinder
  5021 | D:5      | Paralysed by Grinder for 4 turns
  5144 | D:4      | Paralysed by Grinder for 4 turns
  5191 | D:5      | Noticed a water moccasin
  5205 | D:5      | Reached XP level 7. HP: 44/44 MP: 9/9
  5295 | D:5      | Found a sand-covered staircase.
  5301 | Ossuary  | Entered an ossuary
  6654 | D:5      | Noticed Ijyb
  6656 | D:5      | Found a staircase to the Ecumenical Temple.
  6662 | D:5      | Killed Ijyb
  6681 | Temple   | Entered the Ecumenical Temple
  6701 | Temple   | Became a worshipper of Vehumet
  6852 | D:5      | Reached XP level 8. HP: 39/51 MP: 10/10
  7156 | D:6      | Noticed Maggie
  7388 | D:6      | Reached skill level 1 in Shields
  8099 | D:7      | Reached skill level 1 in Staves
  8099 | D:7      | Reached XP level 9. HP: 57/57 MP: 11/11
  8201 | D:7      | Noticed Harold
  8505 | D:7      | Noticed Duvessa
  8532 | D:7      | Noticed Dowan
  8554 | D:7      | Killed Duvessa
  8584 | D:7      | Killed Dowan
  8584 | D:7      | Reached * piety under Vehumet
  8584 | D:7      | Offered knowledge of Foxfire by Vehumet.
  8589 | D:7      | Learned a level 1 spell: Foxfire
  9320 | D:8      | Found Futuq's Gadget Gallery.
  9327 | D:8      | Bought a wand of iceblast (6) for 110 gold pieces
  9408 | D:8      | Bought a wand of flame (11) for 71 gold pieces
  9408 | D:8      | Bought a wand of flame (3) for 27 gold pieces
  9408 | D:8      | Bought a wand of paralysis (4) for 66 gold pieces
  9429 | D:6      | Reached skill level 1 in Spellcasting
  9429 | D:6      | Reached skill level 1 in Conjurations
  9429 | D:6      | Reached skill level 1 in Fire Magic
 10457 | D:6      | Killed Maggie
 10570 | D:6      | Killed Grinder
 11410 | D:8      | Found an ornate altar of the Wu Jian Council.
 11410 | D:8      | Noticed Joseph
 11471 | D:8      | Found a snail-covered altar of Cheibriados.
 11486 | D:8      | Killed Joseph
 11487 | D:8      | Reached skill level 5 in Spellcasting
 11487 | D:8      | Reached XP level 10. HP: 54/63 MP: 19/19
 11601 | D:8      | Reached skill level 5 in Staves
 12350 | D:9      | Found a transporter.
 12352 | D:9      | Noticed Lizzurd's ghost (novice NaDe)
 12352 | D:9      | Noticed a two-headed ogre
 12394 | D:9      | Noticed a two-headed ogre
 12420 | D:8      | Killed a two-headed ogre
 12421 | D:8      | Reached skill level 5 in Conjurations
 12615 | D:9      | Reached skill level 5 in Fire Magic
 12944 | D:8      | Killed a two-headed ogre
 13028 | D:9      | Found a staircase to the Orcish Mines.
 13683 | D:9      | Found Basilew's Jewellery Emporium.
 13725 | D:9      | Reached ** piety under Vehumet
 13725 | D:9      | Offered knowledge of Shock by Vehumet.
 13869 | D:9      | Learned a level 1 spell: Shock
 13983 | D:9      | Found a transporter.
 14030 | D:9      | Noticed a deep elf pyromancer
 14030 | D:9      | Noticed a deep elf pyromancer
 14030 | D:9      | Noticed a wolf spider
 14139 | D:9      | Found a white marble altar of Elyvilon.
 14182 | Orc:1    | Entered Level 1 of the Orcish Mines
 14560 | Orc:1    | Noticed an orc knight
 14608 | D:10     | Entered Level 10 of the Dungeon
 15294 | D:9      | Reached XP level 11. HP: 44/67 MP: 18/24
 15507 | D:3      | Noticed Natasha
 15516 | D:3      | Killed Natasha
 15520 | D:3      | Bought a book of Fire for 528 gold pieces
 15527 | D:3      | Learned a level 5 spell: Fireball
 15534 | D:3      | Learned a level 6 spell: Starburst
 15543 | D:3      | Learned a level 8 spell: Ignition
 16874 | D:10     | Offered knowledge of Conjure Flame by Vehumet.
 18152 | D:11     | Reached skill level 1 in Armour
 18154 | D:11     | Noticed a deep elf pyromancer
 18493 | D:11     | Noticed Josephine
 18588 | D:10     | Reached *** piety under Vehumet
 18654 | D:7      | Killed Harold
 18739 | D:7      | Noticed Prince Ribbit
 18744 | D:7      | Killed Prince Ribbit
 18927 | D:11     | Found a staircase to the Lair.
 19020 | D:11     | Killed Josephine
 19021 | D:11     | Reached skill level 10 in Spellcasting
 19310 | D:11     | Learned a level 4 spell: Iskenderun's Mystic Blast
 19458 | D:11     | Noticed Fannar
 19752 | D:11     | Killed Fannar
 19826 | D:11     | Killed a deep elf pyromancer
 20092 | D:11     | Reached XP level 12. HP: 42/72 MP: 7/28
 20391 | Lair:1   | Entered Level 1 of the Lair of Beasts
 20546 | Lair:1   | Noticed a six-headed hydra
 20555 | Lair:1   | Killed a six-headed hydra
 20567 | Lair:1   | Offered knowledge of Flame Wave by Vehumet.
 20722 | Lair:1   | Got Jibly's Volume of the Spatial Escort
 21644 | Lair:2   | Noticed a death yak
 21645 | Lair:2   | Noticed a death yak
 21647 | Lair:2   | Noticed a death yak
 21647 | Lair:2   | Noticed a death yak
 21650 | Lair:2   | Noticed a death yak
 21651 | Lair:2   | Noticed a death yak
 21716 | Lair:2   | Learned a level 4 spell: Flame Wave
 21772 | Lair:2   | Reached skill level 10 in Conjurations
 21793 | Lair:2   | Found a frozen archway.
 21805 | IceCv    | Entered an ice cave
 21826 | IceCv    | Reached skill level 5 in Armour
 21832 | IceCv    | Reached skill level 10 in Fire Magic
 22193 | IceCv    | Reached **** piety under Vehumet
 22505 | IceCv    | Offered knowledge of Yara's Violent Unravelling by Vehumet.
 23795 | Lair:2   | Reached XP level 13. HP: 63/76 MP: 3/30
 24223 | Lair:2   | Found a staircase to the Swamp.
 26257 | Lair:4   | Noticed Kirke
 26434 | Lair:4   | Killed Kirke
 26440 | Lair:4   | Reached ***** piety under Vehumet
 26479 | Lair:4   | Offered knowledge of Conjure Ball Lightning by Vehumet.
 26482 | Lair:4   | Found a staircase to the Snake Pit.
 28064 | Lair:6   | Entered Level 6 of the Lair of Beasts
 28125 | Lair:6   | Reached skill level 15 in Spellcasting
 28255 | Lair:6   | Reached XP level 14. HP: 82/82 MP: 22/35
 28545 | Lair:6   | Found a runed translucent door.
 28546 | Lair:6   | Found a viscous altar of Jiyva.
 28546 | Lair:6   | Noticed an acid blob
 28548 | Lair:6   | Found a staircase to the Slime Pits.
 28602 | Lair:6   | Reached skill level 15 in Fire Magic
 29098 | Lair:6   | Offered knowledge of Eringya's Noxious Bog by Vehumet.
 29769 | Lair:6   | Identified a scroll of acquirement
 29779 | Lair:6   | Acquired the amulet "Xirgh" {Reflect Will+ rCorr SH+5}
 31297 | Orc:2    | Entered Level 2 of the Orcish Mines
 31337 | Orc:2    | Offered knowledge of Freezing Cloud by Vehumet.
 31796 | Orc:2    | Noticed an orc warlord
 32247 | Orc:2    | Found Uzurekle's Antique Weapon Boutique.
 32251 | Orc:2    | Found Riod's Antique Armour Shop.
 32409 | Orc:2    | Found a staircase to the Elven Halls.
 32470 | Orc:2    | Found Egunly's Antique Armour Emporium.
 33042 | Orc:2    | Found Toxt's Distillery.
 33438 | Orc:2    | Bought a masterwork chain mail for 247 gold pieces
 33438 | Orc:2    | Identified the +3 chain mail of Leaves {Will- Str+8 SInv
                  | Stlth-} (You bought it in a shop on level 2 of the Orcish
                  | Mines)
 33525 | Orc:2    | Bought a dazzling scimitar for 252 gold pieces
 33525 | Orc:2    | Identified the +7 scimitar "Duteqets" {flame, rPois Str+2}
                  | (You bought it in a shop on level 2 of the Orcish Mines)
 33713 | D:12     | Offered knowledge of Iron Shot by Vehumet.
 33727 | D:12     | Reached skill level 1 in Long Blades
 34005 | D:12     | Found a runed translucent gate.
 34005 | D:12     | Found a runed translucent gate.
 34007 | D:12     | Noticed jt's ghost (journeyman DDAE)
 34009 | D:12     | Found a runed translucent gate.
 34020 | D:12     | Killed jt's ghost
 34022 | D:12     | Reached XP level 15. HP: 75/86 MP: 27/36
 34031 | D:12     | Got the Grimoire of Evil Rites
 34291 | D:9      | Identified the ring of Wanurut {rElec Str+4 Int+6 Slay+3}
 34324 | D:9      | Killed Lizzurd's ghost
 34338 | D:9      | Identified the +1 leather armour of Grace {Str+4}
 34710 | D:12     | Noticed Sonja
 34713 | D:12     | Killed Sonja
 35181 | D:12     | Learned a level 6 spell: Iron Shot
 35448 | D:13     | Offered knowledge of Ozocubu's Refrigeration by Vehumet.
 35633 | D:13     | Found a hazy altar of Hepliaklqana.
 35710 | D:13     | Reached skill level 1 in Earth Magic
 36162 | D:13     | Found a gate to the Vaults.
 36202 | D:14     | Found a white marble altar of Elyvilon.
 36671 | D:14     | Learned a level 3 spell: Ozocubu's Armour
 36799 | D:15     | Entered Level 15 of the Dungeon
 36866 | D:15     | Found a gate leading to a gauntlet.
 36892 | Gauntlet | Entered a Gauntlet
 36892 | Gauntlet | Found a transporter.
 36892 | Gauntlet | Found a transporter.
 36989 | Gauntlet | Found a transporter.
 37007 | Gauntlet | Found a transporter.
 37007 | Gauntlet | Found a transporter.
 37007 | Gauntlet | Found a transporter.
 37009 | Gauntlet | Found a transporter.
 37009 | Gauntlet | Found a transporter.
 37024 | Gauntlet | Found a transporter.
 37036 | Gauntlet | Found a transporter.
 37040 | Gauntlet | Found a runed translucent door.
 37044 | Gauntlet | Found a transporter.
 37061 | Gauntlet | Found a transporter.
 37081 | Gauntlet | Found a transporter.
 37093 | Gauntlet | Found a transporter.
 37133 | Gauntlet | Identified the ring "Syokea" {Wiz rF++}
 37250 | Gauntlet | Identified the +2 hat of Lopten {Will++}
 37283 | Gauntlet | Identified the ring of Ganoemue {Fly rC+ Will+}
 37417 | Gauntlet | Identified the +2 war axe of Diet Blood {drain, Will+}
 37538 | Gauntlet | Identified the +0 ring mail of Koynn {rElec rPois rF-}
 37632 | D:15     | Found a runed translucent door.
 38026 | Snake:1  | Entered Level 1 of the Snake Pit
 38047 | Snake:1  | Noticed Asterion
 38056 | Snake:1  | Killed Asterion
 38627 | Snake:1  | Reached skill level 5 in Earth Magic
 39984 | Snake:1  | Offered knowledge of Iskenderun's Battlesphere by Vehumet.
 40026 | Snake:1  | Learned a level 7 spell: Orb of Destruction
 40790 | Snake:2  | Reached XP level 16. HP: 84/92 MP: 37/37
 41344 | Snake:2  | Found Miuf's Antique Armour Shoppe.
 42156 | Snake:2  | Reached skill level 10 in Earth Magic
 42307 | Snake:2  | Offered knowledge of Lehudib's Crystal Spear by Vehumet.
 43741 | Snake:3  | Reached skill level 15 in Conjurations
 43751 | Snake:3  | Learned a level 2 spell: Blink
 44472 | Snake:4  | Entered Level 4 of the Snake Pit
 44678 | Snake:4  | Reached XP level 17. HP: 68/96 MP: 5/39
 47761 | Snake:4  | Got a serpentine rune of Zot
 48287 | Swamp:1  | Entered Level 1 of the Swamp
 48622 | Swamp:1  | Learned a level 8 spell: Lehudib's Crystal Spear
 49003 | Swamp:1  | Noticed Louise
 49045 | Swamp:1  | Killed Louise
 49730 | Swamp:2  | Noticed Nikola
 50060 | Swamp:2  | Killed Nikola
 51475 | Swamp:3  | Reached ****** piety under Vehumet
 52139 | Swamp:4  | Entered Level 4 of the Swamp
 52272 | Swamp:4  | Offered knowledge of Fire Storm by Vehumet.
 52272 | Swamp:4  | Offered knowledge of Shatter by Vehumet.
 52272 | Swamp:4  | Offered knowledge of Polar Vortex by Vehumet.
 52273 | Swamp:4  | Reached XP level 18. HP: 65/101 MP: 27/44
 52770 | Swamp:4  | Noticed the 27-headed Lernaean hydra
 52770 | Swamp:4  | Killed the 27-headed Lernaean hydra
 53549 | Swamp:4  | Got a decaying rune of Zot
 54437 | D:15     | Found a staircase to the Depths.
 55400 | Elf:1    | Entered Level 1 of the Elven Halls
 55672 | Elf:1    | Got the Compendium of a Hundred Nights
 55839 | Elf:1    | Found Toaryw's Armour Boutique.
 56883 | Elf:2    | Found a runed translucent gate.
 56883 | Elf:2    | Found a runed translucent gate.
 56896 | Elf:2    | Found a runed translucent gate.
 57216 | Elf:2    | Reached XP level 19. HP: 74/106 MP: 16/48
 57778 | Elf:2    | Found a transporter.
 57788 | Elf:2    | Noticed SushiGirl's ghost (journeyman DECj)
 57802 | Elf:2    | Found a transporter.
 58237 | Elf:3    | Entered Level 3 of the Elven Halls
 59276 | Elf:3    | Identified the +5 falchion of Gluttony {vamp, rPois}
 59276 | Elf:3    | Identified the ring of Zunay {rCorr MP+9 Dex+4}
 59281 | Elf:3    | Identified the amulet "Juug Mian" {Faith Int+4}
 59440 | Elf:3    | Identified the +10 fire dragon scales of Fun {rPois rF++
                  | rC- Regen+ Str+3 Dex-2}
 59497 | Elf:3    | Found the +7 lajatang of Order {silver, rMut}
 59597 | Elf:3    | Identified the +5 mace of Bankruptcy {vorpal, rPois rF+
                  | Will- Int+2}
 59612 | Elf:3    | Identified the +8 quarterstaff "Killer Bee's Death" {flame,
                  | Will+ rCorr Str+3}
 60401 | Vaults:1 | Entered Level 1 of the Vaults
 61397 | Vaults:1 | Reached skill level 27 in Spellcasting
 61856 | Vaults:2 | Reached XP level 20. HP: 104/111 MP: 33/53
 61984 | Vaults:2 | Found a flickering gateway to a bazaar.
 61997 | Bazaar   | Entered a bazaar
 62028 | Bazaar   | Found Ysun's General Store.
 62044 | Bazaar   | Found Sime's Weapon Shoppe.
 62060 | Bazaar   | Found Miec's Magic Scroll Shoppe.
 62060 | Bazaar   | Found Patezion's Assorted Antiques.
 62104 | Bazaar   | Bought a scroll of acquirement for 676 gold pieces
 62104 | Bazaar   | Acquired the +5 pair of gloves of Slimy Surprise {rN+ SInv}
 62128 | Bazaar   | Bought a scroll of summoning for 123 gold pieces
 63147 | Vaults:2 | Found a staircase to the Crypt.
 63245 | Vaults:2 | Noticed a golden dragon
 63250 | Vaults:2 | Killed a golden dragon
 63497 | Vaults:2 | Learned a level 9 spell: Fire Storm
 63591 | Vaults:3 | Found Uramomm's Magic Scroll Shop.
 63597 | Vaults:3 | Bought a scroll of summoning for 171 gold pieces
 63597 | Vaults:3 | Bought a scroll of teleportation for 54 gold pieces
 63597 | Vaults:3 | Bought a scroll of fog for 36 gold pieces
 63597 | Vaults:3 | Bought a scroll of blinking for 135 gold pieces
 63597 | Vaults:3 | Bought a scroll of fear for 63 gold pieces
 63862 | Vaults:3 | Found Beuriah's Armour Boutique.
 64084 | Vaults:3 | Noticed Jory
 64094 | Vaults:3 | Killed Jory
 64251 | Vaults:3 | Noticed Mennas
 64299 | Vaults:3 | Killed Mennas
 64770 | Vaults:3 | Reached XP level 21. HP: 99/116 MP: 54/54
 64904 | Vaults:3 | Noticed Donald
 64907 | Vaults:3 | Identified the +9 hand axe "Bomotsem" {vorpal, Will+ Int+2}
 64919 | Vaults:3 | Killed Donald
 66673 | Vaults:4 | Identified the +1 robe "Wynaus" {Int+2}
 66688 | Vaults:4 | Found a radiant altar of Vehumet.
 66696 | Vaults:4 | Identified the +4 hat of the Four Defenders {Int+3}
 66710 | Vaults:4 | Identified the +0 robe of Autumn {rElec rPois Int+3}
 66767 | Vaults:4 | Found Iwkanoff's Weapon Emporium.
 66803 | Vaults:4 | Got the Almanac of Shifting Conjuration
 66982 | Vaults:5 | Entered Level 5 of the Vaults
 66984 | Vaults:5 | Reached skill level 27 in Fire Magic
 66992 | Vaults:5 | Reached XP level 22. HP: 108/120 MP: 47/55
 67018 | Vaults:5 | Reached skill level 5 in Evocations
 67685 | Vaults:5 | Identified the amulet of Jeaggani {rElec Regen+}
 67685 | Vaults:5 | Noticed Saint Roka
 67690 | Vaults:5 | Killed Saint Roka
 67699 | Vaults:5 | Identified the ring "Qeelet" {rElec AC+4 Slay+6}
 67805 | Vaults:5 | Identified the +4 shortbow "Xihymp" {venom, rF+ Str-4
                  | Stlth+}
 67931 | Vaults:5 | Noticed a golden dragon
 67937 | Vaults:5 | Killed a golden dragon
 68259 | Vaults:5 | Got a silver rune of Zot
 68460 | Vaults:5 | Noticed a golden dragon
 68465 | Vaults:5 | Killed a golden dragon
 68476 | Vaults:5 | Noticed a golden dragon
 68481 | Vaults:5 | Killed a golden dragon
 68816 | Vaults:5 | Reached skill level 10 in Evocations
 69484 | Depths:1 | Entered Level 1 of the Depths
 69489 | Depths:1 | Noticed a juggernaut
 69500 | Depths:1 | Killed a juggernaut
 69734 | Depths:1 | Noticed the Enchantress
 69736 | Depths:1 | Killed the Enchantress
 69901 | Depths:1 | Reached XP level 23. HP: 125/125 MP: 14/56
 69991 | Depths:1 | Found a gateway to Hell.
 70479 | Depths:1 | Found a one-way gate to the infinite horrors of the Abyss.
 70485 | Depths:1 | Found an iron altar of Okawaru.
 70858 | Depths:1 | Found the +3 crown of Dyrovepreva {rElec Int+2 SInv}
 70973 | Depths:2 | Noticed a caustic shrike
 70980 | Depths:2 | Killed a caustic shrike
 71119 | Depths:2 | Found a one-way gate leading to the halls of Pandemonium.
 71208 | Depths:2 | You are sucked into a shaft and drop 2 floors!
 71208 | Depths:4 | Entered Level 4 of the Depths
 71278 | Depths:4 | Noticed a juggernaut
 71289 | Depths:4 | Killed a juggernaut
 71602 | Depths:2 | Acquired 898 gold pieces
 71819 | Depths:2 | Identified the amulet "Mumaath" {RegenMP Regen+ Str-4
                  | Dex+2}
 72332 | Depths:3 | Found a blossoming altar of Fedhas.
 72354 | Depths:3 | Identified the ring "Heri" {Wiz Dex+4}
 72472 | Depths:3 | Identified the +6 falchion of Benevolence {vorpal, rC+
                  | Str-2 Dex+4 Stlth+}
 72897 | Depths:3 | Found a sparkling altar of Nemelex Xobeh.
 73015 | Depths:3 | Noticed an ancient lich
 73019 | Depths:3 | Killed an ancient lich
 73020 | Depths:3 | Reached XP level 24. HP: 130/130 MP: 48/56
 73113 | Depths:4 | Identified the ring "Itysm" {Ice *Corrode Str+5 Int+2}
 73211 | Depths:4 | Found a gate to the Realm of Zot.
 73703 | Depths:4 | Noticed a dread lich
 73704 | Depths:4 | Found a one-way gateway to a ziggurat.
 73718 | Depths:4 | Killed a dread lich
 74280 | Zot:1    | Entered Level 1 of the Realm of Zot
 74485 | Zot:2    | You are sucked into a shaft and drop 2 floors!
 74950 | Zot:5    | Entered Level 5 of the Realm of Zot
 75071 | Zot:5    | Reached skill level 27 in Conjurations
 75079 | Zot:5    | Slain by an Orb Guardian

Illustrated notes

Levels and vault maps discovered:
D:1:      dpeg_arrival_short_road, layout_rooms
D:2:      layout_loops_ring, hellmonk_ecumenical_altar_run_dry
D:3:      layout_rooms, tso_altar, serial_shops, shop, uniq_natasha
D:4:      layout_loops_ring, grunt_temple_overflow_champion_of_chaos,
          minmay_misc_feat_five, minmay_circle_x
D:5:      layout_rooms, minmay_temple_entry_stoned_glass,
          nicolae_ossuary_entry_plus, guppyfry_early_lair_pool, uniq_ijyb,
          uniq_grinder
D:6:      layout_gridville, minmay_misc_feat_tiny, uniq_maggie
D:7:      layout_rooms, hangedman_decor_peaks_small, uniq_harold,
          uniq_prince_ribbit1, uniq_duvessa
D:8:      layout_cave_pools, jmf_multi_god_temple, nicolae_shop_gadgets,
          uniq_joseph
D:9:      layout_irregular_city, mainiacjoe_overflow_alcove_1, david_orc_2,
          gammafunk_ghost_stat_death, minmay_shop_grid_forest, minivault_25_ag
D:10:     layout_cave_pools
D:11:     layout_irregular_city, lair_entry_dummy, uniq_fannar, uniq_josephine
D:12:     layout_loops_cross, gammafunk_ghost_nasty_kobolds, uniq_sonja
D:13:     layout_big_octagon, erik_vaults_1, minivault_23,
          nzn_hepliaklqana_mist_gate
D:14:     layout_cave_pools, elyvilon_altar_5, minmay_fountain_box
D:15:     hangedman_depths_entry_try_elsewhere_first, layout_basic,
          gauntlet_entry_generic, minmay_misc_feat_more_columns,
          roderic_lattice_a, minmay_crystal_box
Temple:   compressed_dpeg_circular_temple
Lair:1:   layout_chaotic_city, chequers_serial_rivers_large_b
Lair:2:   layout_cave_pods, minmay_swamp_entry_swarm,
          portal_ice_cave_demonic_guard, columned_hall_lemuel,
          nicolae_lair_grazing_beasts [nicolae_sub_lair_graze_edge,
          nicolae_sub_lair_graze_edge, nicolae_sub_lair_graze_edge,
          nicolae_sub_lair_graze_edge], infiniplex_staircase_pool
Lair:3:   layout_gridlike, grunt_megastairs_2, lemuel_fruit_fields,
          lemuel_fruit_tree
Lair:4:   layout_gridlike, guppyfry_snake_entry_island, kennysheep_rathole,
          uniq_kirke
Lair:5:   layout_roguey, grunt_megastairs_4
Lair:6:   hangedman_lair_tendril_chambers, layout_cave_pods, slime_altar_2,
          nicolae_quartered_pool_super
Swamp:1:  layout_basic_swamp, nicolae_swamp_little_tower, uniq_louise
Swamp:2:  layout_basic_swamp, evilmike_swamp_ruin_rubble_2, uniq_nikola
Swamp:3:  layout_basic_swamp, nicolae_swamp_feature_on_the_river_bank
Swamp:4:  swamp, layout_basic_swamp
Snake:1:  layout_misc_corridors, uniq_asterion
Snake:2:  nicolae_snake_attic_fulla_snakes, layout_onion_interference,
          serial_shops, shop
Snake:3:  layout_misc_corridors
Snake:4:  grunt_snake_rune_pools, layout_layer_cave
Orc:1:    layout_caves
Orc:2:    grunt_orc_community_town_hall, layout_diamond_mine,
          grunt_orc_community_big_house_1, grunt_orc_community_big_house_2,
          grunt_orc_community_house_2, grunt_orc_community_house_3,
          grunt_orc_community_house_1, grunt_orc_community_house_3,
          grunt_orc_community_house_3
Elf:1:    layout_geoelf_octagon, serial_shops, nicolae_shop_crystal,
          minmay_elf_sorcery
Elf:2:    nicolae_elf_blades_crystal_corner, layout_onion_city,
          gammafunk_ghost_berserking_beasts,
          nicolae_elf_glass_and_crystal_pillar_2,
          amcnicky_mini_rare_corridor_liquid, nrook_mini_backslash,
          feat_on_display
Elf:3:    minmay_elf_hall, layout_geoelf_octagon, corner_web_ring,
          nicolae_elf_glass_and_crystal_pillar_1, small_statue_intersection
Vaults:1: v_misc_12, v_alt_pattern_6, ontoclasm_vaults_loading_screen,
          vaults_room_corners, ontoclasm_vaults_idyll, ontoclasm_vaults_gateway,
          vaults_standard_mumra_enter_the_diamond, v_misc_12,
          layout_vaults_big_room
Vaults:2: hangedman_vaults_restitches, vaults_mumra_lcd,
          hangedman_vaults_impose, nicolae_vaults_murderbox,
          hangedman_vaults_trim, minmay_crypt_entry_simple_box,
          vaults_dpeg_cross, v_alt_pattern_6, nicolae_vaults_little_squares_3,
          vaults_room_hallway, v_misc_5, v_misc_13, layout_vaults_ring,
          serial_shops, bzr_entry_lakeside
Vaults:3: grunt_vaults_hallway_long, ontoclasm_vaults_claustrophobia,
          v_alt_pattern_3, st_greater_box_1, grunt_vaults_focal,
          ontoclasm_vaults_decontamination, nicolae_vaults_shelves_hall,
          vaults_dpeg_encased_lava, dpeg_vaults_monster_box, v_misc_13,
          v_misc_18, vaults_mumra_hexcomb, nicolae_vaults_specimen_jars,
          layout_vaults_omnibox, serial_shops, shop, uniq_jory, uniq_mennas,
          uniq_donald
Vaults:4: ontoclasm_vaults_ligature, v_misc_28, grunt_tower_of_power,
          hangedman_vaults_maws, ontoclasm_vaults_hangar,
          ontoclasm_vaults_twist, v_misc_2, v_misc_15,
          ontoclasm_vaults_shuriken, hangedman_vaults_stagger,
          nicolae_vaults_three_branches, v_misc_22, v_misc_8,
          vaults_room_stairs_pillars, layout_vaults_omnicross, serial_shops,
          shop
Vaults:5: serial_shops, uniq_saint_roka
Depths:1: layout_gridlike, hellmouth_1, okawaru_ov_weapons_minmay, abyss_entry,
          minmay_guarded_unrand_dyrovepreva, firewood_loft, uniq_enchantress
Depths:2: minmay_cut_squares, layout_cave_shapes, grunt_hell_entry_dis_mu,
          kennysheep_small_spiral, pan_entry, serial_bayou_crossing
Depths:3: minmay_the_grid_triangle_9x9_recursive_3_mashed
          [minmay_the_grid_triangle_9x9_cache,
          minmay_the_grid_triangle_9x9_minimal,
          minmay_the_grid_triangle_9x9_flanged_cone,
          minmay_the_grid_triangle_9x9_prize_center,
          minmay_the_grid_triangle_9x9_swiss_cheese,
          minmay_the_grid_triangle_9x9_shrine,
          minmay_the_grid_triangle_9x9_stretched_checkered,
          minmay_the_grid_triangle_9x9_steps,
          minmay_the_grid_triangle_9x9_limited_checkers], layout_gridville,
          nemelex_lonely_heart_becter, abyss_entry_crystal, pf_coc_iceberg,
          minmay_librarian
Depths:4: evilmike_zot_entry_basic, layout_basic, enter_ziggurat_d, nrook_uturn,
          grunt_hell_horde
Zot:1:    layout_twisted_circle
Zot:2:    layout_onion, gammafunk_ghost_crypt, grunt_megastairs_5
Zot:3:    lemuel_draconian_sentries, layout_cathedral_of_symmetry,
          lemuel_elevator
Zot:4:    lemuel_acid_trip, layout_cathedral_of_symmetry, lemuel_elevator
Zot:5:    layout_gridlike

Skill      XL: |  1  2  3  4  5  6  7  8  9 10 11 12 13 14 15 16 17 18 19 20 21 22 23 24 |
---------------+-------------------------------------------------------------------------+-----
Fighting       | 1 2 3 4 5 6 7 |  7.5
Dodging        | 3 4 5 7 9 |  9.0
Shields        | 1 2 4 |  4.1
Staves         | 1 4 6 |  6.9
Spellcasting   | 5 7 10 11 15 16 20 23 27 | 27.0
Conjurations   | 4 6 9 10 15 16 19 24 27 | 27.0
Fire Magic     | 4 5 8 11 14 18 19 20 24 27 | 27.0
Armour         | 3 5 |  5.8
Long Blades    | 2 4 |  4.7
Earth Magic    | 8 10 | 10.0
Evocations     | 10 | 10.0
Stealth        | |  1.2

Action                   |  1- 3 |  4- 6 |  7- 9 | 10-12 | 13-15 | 16-18 | 19-21 | 22-24 || total
-------------------------+-------+-------+-------+-------+-------+-------+-------+-------++-------
Melee: Club              |    20 |       |       |       |       |       |       |       ||    20
       Dagger            |    97 |       |       |       |       |       |       |       ||    97
       Punch             |     2 |     1 |     6 |       |       |       |       |       ||     9
       Hand axe          |    37 |   108 |   271 |       |       |       |       |       ||   416
       Quarterstaff      |       |       |   199 |   344 |   150 |       |       |       ||   693
       Mace              |       |       |     2 |       |       |       |       |       ||     2
       Scimitar          |       |       |       |       |    94 |    78 |       |       ||   172
       Staff             |       |       |       |       |       |    16 |   116 |    96 ||   228
Throw: Dart              |       |       |       |       |       |       |       |     2 ||     2
 Cast: Foxfire           |       |       |    52 |   257 |       |       |       |       ||   309
       Fireball          |       |       |       |   134 |   227 |   237 |   160 |   108 ||   866
       Starburst         |       |       |       |    14 |   144 |     4 |       |       ||   162
       Iskenderun's Myst |       |       |       |       |    28 |    32 |    38 |    70 ||   168
       Iron Shot         |       |       |       |       |    28 |   135 |   118 |   160 ||   441
       Ignition          |       |       |       |       |     9 |    64 |    80 |    72 ||   225
       Orb of Destructio |       |       |       |       |     4 |    54 |    49 |    72 ||   179
       Lehudib's Crystal |       |       |       |       |       |       |       |    89 ||    89
       Fire Storm        |       |       |       |       |       |       |       |    34 ||    34
Evoke: Wand              |    12 |    16 |    57 |     8 |    11 |    26 |     6 |     7 ||   143
       Piece from Xom's  |     6 |     5 |    21 |     7 |       |       |       |       ||    39
       Lightning rod     |       |       |       |       |    12 |    21 |       |       ||    33
       Phantom mirror    |       |       |       |       |     1 |     3 |     1 |     1 ||     6
       Tin of tremorston |       |       |       |       |       |     5 |     4 |     3 ||    12
       Condenser vane    |       |       |       |       |       |     3 |     1 |     3 ||     7
  Use: Scroll            |       |     7 |    10 |    13 |    17 |     6 |     8 |     8 ||    69
       Potion            |       |       |     9 |    12 |     3 |     3 |     2 |     4 ||    33
 Stab: Sleeping          |     3 |     3 |     3 |     1 |       |       |       |       ||    10
       Betrayed ally     |       |     1 |       |       |       |       |       |       ||     1
       Paralysed         |       |       |    17 |       |       |       |       |       ||    17
       Petrified         |       |       |    37 |       |       |       |       |       ||    37
       Distracted        |       |       |     1 |       |       |     1 |       |       ||     2
       Petrifying        |       |       |     1 |       |       |       |       |       ||     1
Armor: Leather armour    |    23 |    10 |   100 |       |       |       |       |       ||   133
       Ring mail         |    32 |    27 |       |       |       |       |       |       ||    59
       Scale mail        |       |     9 |       |       |       |       |       |       ||     9
       Skin              |       |       |     2 |       |       |       |       |       ||     2
       Acid dragon scale |       |       |    14 |   106 |    86 |       |       |       ||   206
       Quicksilver drago |       |       |       |       |    26 |    91 |       |       ||   117
       Swamp dragon scal |       |       |       |       |       |    12 |     1 |       ||    13
       Fire dragon scale |       |       |       |       |       |       |    94 |   172 ||   266
Dodge: Dodged            |   110 |    73 |   436 |   670 |   297 |   145 |    97 |   136 ||  1964
Block: Buckler           |       |       |    13 |       |    99 |   115 |    70 |    76 ||   373
       Other             |       |       |       |       |    24 |       |       |       ||    24
       Reflection        |       |       |       |       |    19 |    20 |    18 |     4 ||    61
